 Dungeon Crawl Stone Soup version 0.21-a0-417-g0adc95b (webtiles) character file.

656 TheDeThijs the Basher (level 7, -6/60 HPs)
             Began as a Minotaur Berserker on Nov 3, 2017.
             Was a Priest of Trog.
             Shot with an arrow by a centaur (7 damage)
             ... on level 5 of the Dungeon.
             The game lasted 00:11:27 (3784 turns).

TheDeThijs the Basher (Minotaur Berserker)          Turns: 3784, Time: 00:11:28

Health: -6/60      AC:  6    Str: 23    XL:     7   Next: 29%
Magic:  6/6        EV: 10    Int:  4    God:    Trog [***...]
Gold:   209        SH:  0    Dex: 10    Spells: 6/6 levels left

rFire    . . .     SeeInvis .   a - +0 mace
rCold    . . .     Gourm    .   (no shield)
rNeg     . . .     Faith    .   t - +0 scale mail
rPois    .         Spirit   .   (helmet restricted)
rElec    .         Reflect  .   (no cloak)
rCorr    .         Harm     .   (no gloves)
MR       ++...                  (no boots)
Stlth    ..........             (no amulet)
HPRegen  1.20/turn              (no ring)
MPRegen  0.10/turn              (no ring)

@: regenerating
A: retaliatory headbutt, horns 2
a: Berserk, Trog's Hand, Burn Spellbooks, Renounce Religion


You were on level 5 of the Dungeon.
You worshipped Trog.
Trog was most pleased with you.
You were not hungry.

You visited 1 branch of the dungeon, and saw 5 of its levels.

You collected 209 gold pieces.

Inventory:

Hand Weapons
 a - a +0 mace (weapon)
Missiles
 n - 10 tomahawks (quivered)
 v - 4 steel javelins
Armour
 i - a +0 leather armour
 t - a +0 scale mail (worn)
 u - a +0 helmet
 x - a +0 chain mail
Wands
 w - a wand of random effects (10/48)
Scrolls
 b - a scroll of fog {unknown}
 d - 3 scrolls of remove curse {unknown}
 e - 3 scrolls of identify {unknown}
 f - a scroll of blinking {unknown}
 g - a scroll of random uselessness {unknown}
 j - 5 scrolls of teleportation {unknown}
 k - a scroll of magic mapping {unknown}
 l - 2 scrolls of recharging {unknown}
 p - 4 scrolls of enchant armour {unknown}
 s - a scroll of fear {unknown}
Potions
 m - 4 potions of curing {unknown}
 o - a potion of agility {unknown}
 r - 4 potions of cancellation {unknown}
Comestibles
 c - 7 bread rations
 h - 2 royal jellies
 q - 4 meat rations


   Skills:
 + Level 4.6 Fighting
 + Level 9.6 Maces & Flails
 - Level 2.4 Armour
 - Level 2.1 Dodging
 - Level 1.0 Stealth
 + Level 0.1 Evocations


You had 6 spell levels left.
You didn't know any spells.

Dungeon Overview and Level Annotations

Branches:
Dungeon (5/15)             Temple (0/1) D:5

Altars:
Wu Jian

Annotations:
D:5 Eustachio; Vorshek's ghost, amateur DEEn


Innate Abilities, Weirdness & Mutations

You reflexively headbutt those who attack you in melee.
You have a pair of horns on your head.


Message History

The centaur shoots an arrow.
The arrow hits you.
* * * LOW HITPOINT WARNING * * *
You see here an arrow.
The centaur shoots an arrow.
The arrow closely misses you.
You see here an arrow.
Eustachio the Magnificent comes into view.
He is wielding a rapier.
The centaur shoots an arrow.
The arrow closely misses you.
The centaur shoots an arrow.
The arrow hits you.
* * * LOW HITPOINT WARNING * * *
You see here an arrow.
Your skin crawls.
You feel resistant to hostile enchantments.
You feel somewhat more hungry.
The centaur shoots an arrow.
The arrow barely misses you.
Eustachio casts a spell.
The centaur shoots an arrow.
The arrow hits you!
* * * LOW HITPOINT WARNING * * *
Eustachio growls, "To hell with you, honourless miscreant!"
The centaur shoots an arrow.
The arrow hits you!
You die...

### ....
#################
....@##(...............
#.......(@.[..........
#......######c....###
###..###.((((.......).#
..... ########....####
#. .# ######.#(# # #. .#
#......#.#
##.##.#.#######.######.#
##...(... #......# #.#
....(.(?# #.###### #.#


You could see Eustachio and a centaur.

Vanquished Creatures
  Menkaure (D:5)
  2 ogres (D:4)
  A crimson imp (D:5)
  A bullfrog skeleton (D:4)
  2 iguanas (D:4)
  Natasha (D:1)
  2 worker ants
  3 gnolls
  6 adders
  A shadow imp (D:5)
  A worm (D:2)
  3 dart slugs
  5 leopard geckos
  10 orcs
  5 bats
  A giant cockroach (D:1)
  8 goblins
  6 hobgoblins
  6 jackals (D:2)
  9 kobolds
  A quokka (D:3)
  2 frilled lizards
  A jackal skeleton (D:4)
  5 rats
83 creatures vanquished.

Notes
Turn   | Place    | Note
-------+----------+-------------------------------------------
     0 | D:1      | TheDeThijs the Minotaur Berserker began the quest for the Orb.
     0 | D:1      | Reached XP level 1. HP: 19/19 MP: 0/0
   106 | D:1      | Reached skill level 4 in Maces & Flails
   188 | D:1      | Reached XP level 2. HP: 25/26 MP: 1/1
   436 | D:1      | Reached skill level 5 in Maces & Flails
   855 | D:1      | Reached XP level 3. HP: 23/31 MP: 2/2
   879 | D:1      | Reached ** piety under Trog
  1075 | D:2      | Noticed Natasha
  1090 | D:1      | Killed Natasha
  1090 | D:1      | Reached XP level 4. HP: 36/39 MP: 3/3
  1285 | D:2      | Reached skill level 6 in Maces & Flails
  1631 | D:2      | Reached skill level 1 in Stealth
  1939 | D:2      | Reached XP level 5. HP: 39/46 MP: 4/4
  2136 | D:3      | Reached *** piety under Trog
  2452 | D:3      | Found a faded altar of an unknown god.
  2621 | D:3      | Found an ornate altar of the Wu Jian Council.
  2720 | D:4      | Reached skill level 7 in Maces & Flails
  2817 | D:4      | Noticed an ogre
  2851 | D:4      | Killed an ogre
  2851 | D:4      | Reached skill level 8 in Maces & Flails
  2851 | D:4      | Reached XP level 6. HP: 21/52 MP: 5/5
  3520 | D:5      | Entered Level 5 of the Dungeon
  3580 | D:5      | Found a staircase to the Ecumenical Temple.
  3597 | D:5      | Reached skill level 9 in Maces & Flails
  3640 | D:5      | Reached XP level 7. HP: 59/60 MP: 6/6
  3689 | D:5      | Noticed Menkaure
  3708 | D:5      | Killed Menkaure
  3754 | D:5      | Noticed Vorshek's ghost (amateur DEEn)
  3780 | D:5      | Noticed Eustachio
  3784 | D:5      | HP: 1/60 [centaur/arrow (13)]
  3784 | D:5      | Shot with an arrow by a centaur

Vault maps used:
D:1:      roderic_dead_forest
D:2:      uniq_natasha
D:3:      lemuel_coloured_pillars_altar, first_bread,
          chequers_ecumenical_altar_twisty
D:5:      minmay_opposing_rooms, minmay_temple_entry_statues_pillars,
          uniq_eustachio, uniq_menkaure

Skill      XL: |  1  2  3  4  5  6 |
---------------+-------------------+-----
Maces & Flails | 4 5 6 8 9 |  9.6
Stealth        | 1 |  1.0
Fighting       | 4 |  4.6
Armour         | |  2.4
Dodging        | |  2.1
Evocations     | |  0.1

Action                   |  1- 3 |  4- 6 |  7- 9 || total
-------------------------+-------+-------+-------++-------
Melee: Mace              |    67 |   125 |     5 ||   197
       Headbutt          |     7 |    30 |     2 ||    39
Throw: Tomahawk          |       |    19 |     6 ||    25
Invok: Berserk           |       |       |     1 ||     1
       Trog's Hand       |       |       |     1 ||     1
Evoke: Wand              |       |     1 |       ||     1
 Stab: Sleeping          |     1 |       |       ||     1
  Eat: Chunk             |       |     8 |       ||     8
       Bread ration      |       |       |     1 ||     1
Armor: Animal skin       |    10 |     7 |       ||    17
       Scale mail        |       |    19 |     3 ||    22
Dodge: Dodged            |    46 |    75 |     5 ||   126

Table legend:
 A = Spawn XP
 B = Non-spawn XP
 C = Spawn XP percentage of total XP
 D = Spawn monster count
 E = Non-spawn monster count
 F = Spawn count percentage of total count
 G = Total turns spent on level
                    A         B        C        D         E        F      G
               +---------+---------+-------+---------+---------+-------+---------
         Total |       0 |     938 |   0.0 |       0 |      83 |   0.0 |  3784
               +---------+---------+-------+---------+---------+-------+---------
           D:1 |       0 |      85 |   0.0 |       0 |      27 |   0.0 |   985
           D:2 |       0 |      98 |   0.0 |       0 |      21 |   0.0 |   918
           D:3 |       0 |      57 |   0.0 |       0 |      15 |   0.0 |   782
           D:4 |       0 |     437 |   0.0 |       0 |      16 |   0.0 |   835
           D:5 |       0 |     261 |   0.0 |       0 |       4 |   0.0 |   264
               +---------+---------+-------+---------+---------+-------+---------
